 Dungeon Crawl Stone Soup version 0.28.0-53-g5a82cb258f (webtiles) character file.

Game seed: 1839161313223541374

92802 concernfroge the Nimble (level 15, -9/92 HPs)
             Began as a Deep Elf Conjurer on July 4, 2022.
             Was a Priest of Sif Muna.
             Killed from afar by a crystal guardian (44 damage)
             ... with a crystal bolt
             ... on level 12 of the Dungeon.
             The game lasted 02:35:52 (29451 turns).

concernfroge the Nimble (Deep Elf Conjurer)        Turns: 29451, Time: 02:35:53

Health: -9/92      AC: 10    Str:  4    XL:     15   Next: 58%
Magic:  25/32      EV: 12    Int: 31    God:    Sif Muna [***...]
Gold:   2147       SH: 20    Dex: 15    Spells: 22/36 levels left

rFire   . . .      SeeInvis .   g - +3 dagger "Anyucwiy" {drain, rC+ Dex+2}
rCold   + . .      Faith    .   z - +0 tower shield
rNeg    . . .      Spirit   .   y - +0 acid dragon scales
rPois   +          Reflect  +   o - +0 helmet
rElec   .          Harm     .   (no cloak)
rCorr   +          Rampage  .   C - +0 pair of gloves
Will    ++...                   (no boots)
Stlth   +.........              B - amulet of reflection
HPRegen 0.25/turn               K - ring of willpower
MPRegen 0.23/turn               m - ring of poison resistance

@: brilliant, hasted, quick
A: hooves 1, mutation resistance 1
a: Renounce Religion, Channel Magic, Forget Spell


You were on level 12 of the Dungeon.
You worshipped Sif Muna.
Sif Muna was most pleased with you.
You visited 3 branches of the dungeon, and saw 21 of its levels.

You collected 2147 gold pieces.

Inventory:

Hand Weapons
 g - the +3 dagger "Anyucwiy" (weapon) {drain, rC+ Dex+2}
   (You found it on level 3 of the Dungeon)

   A truly terrible weapon, it drains the life of any living foe it strikes.
   Dex:       It affects your dexterity (+2).
   rC:        It protects you from cold.
Missiles
 i - 4 throwing nets (quivered)
Armour
 o - a +0 helmet (worn)
 q - +0 swamp dragon scales
 y - +0 acid dragon scales (worn)
 z - a +0 tower shield (worn)
 C - a +0 pair of gloves (worn)
 D - a +0 troll leather armour
Jewellery
 a - a +4 ring of evasion
 m - a ring of poison resistance (right hand)
 B - an amulet of reflection (around neck)
 K - a ring of willpower (left hand)
 N - the ring of Zoyffih {+Blink Str+4 Int+4 Slay+4}
   (You found it on level 4 of the Lair of Beasts)

   [ring of slaying]

   Str:       It affects your strength (+4).
   Int:       It affects your intelligence (+4).
   Slay:      It affects your accuracy & damage with ranged weapons and melee
   (+4).
   +Blink:    It lets you blink.
Wands
 x - a wand of flame (26)
 H - a wand of iceblast (2)
Scrolls
 b - 6 scrolls of teleportation
 c - 2 scrolls of enchant armour
 d - 2 scrolls of immolation
 e - 2 scrolls of torment
 j - a scroll of enchant weapon
 k - 5 scrolls of vulnerability
 l - 6 scrolls of noise
 A - a scroll of silence
 L - a scroll of amnesia
 O - 3 scrolls of identify
 Q - a scroll of blinking
Potions
 f - 8 potions of curing
 n - 5 potions of cancellation
 p - 3 potions of might
 r - a potion of brilliance
 t - 3 potions of flight
 u - 2 potions of invisibility
 w - a potion of resistance
 E - a potion of berserk rage
 F - 2 potions of lignification
 G - 7 potions of ambrosia
 I - 2 potions of haste
 R - a potion of magic
Miscellaneous
 s - a condenser vane
 J - a lightning rod (inert)
 W - a phantom mirror (inert)


   Skills:
 - Level 10.0 Fighting
 - Level 8.0 Armour
 - Level 12.0 Dodging
 - Level 2.4 Stealth
 + Level 8.5 Shields
 + Level 11.0 Spellcasting
 + Level 10.0 Conjurations
 + Level 9.9 Hexes
 + Level 8.1 Translocations
 - Level 10.0 Invocations
 - Level 10.0 Evocations


You had 22 spell levels left.
You knew the following spells:

 Your Spells              Type           Power      Damage    Failure   Level
a - Magic Dart            Conj           100%       1d8       1%          1
b - Searing Ray           Conj           100%       2d8       1%          2
c - Dazzling Flash        Conj/Hex       100%       N/A       2%          3
d - Fulminant Prism       Conj/Hex       43%        3d20      8%          4
e - Iskenderun's Mystic   Conj/Tloc      84%        2d17      11%         4

Your spell library contained the following spells:

 Spells                   Type           Power      Damage    Failure   Level
 Static Discharge         Conj/Air       64%        N/A       9%          2
 Inner Flame              Hex/Fire       64%        N/A       19%         3
 Beastly Appendage        Tmut           50%        N/A       41%         1
 Scorch                   Fire           50%        2d7       56%         2
 Wereblood                Tmut           25%        N/A       56%         2
 Spider Form              Tmut/Pois      25%        N/A       80%         3
 Fireball                 Conj/Fire      32%        3d14      85%         5
 Irradiate                Conj/Tmut      32%        3d24      85%         5
 Lightning Bolt           Conj/Air       32%        1d49      85%         5
 Dispersal                Tloc           39%        N/A       94%         6
 Airstrike                Air            12%        N/A       99%         4
 Olgreb's Toxic Radiance  Pois           25%        N/A       99%         4
 Alistair's Intoxication  Tmut/Pois      16%        N/A       100%        5
 Blade Hands              Tmut           12%        N/A       100%        5
 Borgnjor's Vile Clutch   Necr/Erth      12%        N/A       100%        5
 Eringya's Noxious Bog    Tmut/Pois      12%        N/A       100%        6
 Starburst                Conj/Fire      32%        6d10      100%        6
 Dragon Form              Tmut           12%        N/A       100%        7
 Ozocubu's Refrigeration  Ice            12%        4d7       100%        7
 Disjunction              Tloc           39%        N/A       100%        8
 Ignition                 Fire           12%        3d6       100%        8
 Maxwell's Capacitive Co  Air            12%        ∞         100%        8
 Chain Lightning          Conj/Air       32%        3d42      100%        9
 Fire Storm               Conj/Fire      32%        8d8       100%        9
 Shatter                  Erth           12%        3d13*     100%        9


Dungeon Overview and Level Annotations

Branches:
Dungeon (14/15)            Temple (1/1) D:6            Lair (6/6) D:11
 Shoals (0/4) Lair:4        Snake (0/4) Lair:3        Slime (0/5) Lair:5
    Orc (0/2) D:10         Vaults (0/5) D:14

Altars:
Ashenzari
Cheibriados
Dithmenos
Elyvilon
Fedhas
Gozag
Hepliaklqana
Kikubaaqudgha
Makhleb
Nemelex Xobeh
Okawaru
Qazlal
Ru
Sif Muna
Trog
Uskayaw
Vehumet
Wu Jian
Xom
Yredelemnul
Zin
The Shining One

Annotations:
D:12 exclusion: orange crystal statue


Innate Abilities, Weirdness & Mutations

You have large cloven feet.
You are somewhat resistant to further mutation.


Message History

The orange crystal statue fixes its piercing gaze on you.
You feel your power leaking away.
Aiming: Thunderbolt
Press: ? - help, Shift-Dir - straight line The thunderbolt hits the gnoll sergeant!
You kill the gnoll sergeant!
Sif Muna accepts your kill.
The thunderbolt hits the crystal guardian.
The crystal guardian completely resists.
The thunderbolt hits the crystal guardian.
The crystal guardian completely resists.
The thunderbolt hits the two-headed ogre.
The two-headed ogre is lightly wounded.
The crystal guardian fires a crystalline bolt at you.
The crystal bolt freezes you! You resist. The crystal bolt freezes you!!
You resist.
The crystal bolt freezes the crystal guardian.
The crystal guardian completely resists.
Aiming: Thunderbolt
Press: ? - help, Shift-Dir - straight line The thunderbolt hits the crystal guardian.
The crystal guardian completely resists.
The thunderbolt hits the two-headed ogre!!
The two-headed ogre is heavily wounded.
You are engulfed in freezing vapours.
You resist.
The crystal guardian fires a crystalline bolt at you.
The crystal bolt freezes you!! You resist. The crystal bolt freezes you!
You resist.
* * * LOW HITPOINT WARNING * * *
The crystal bolt freezes the crystal guardian.
The crystal guardian completely resists.
You feel much better.
You are engulfed in freezing vapours.
You resist.
Aiming: Thunderbolt
Press: ? - help, Shift-Dir - straight line The thunderbolt hits the crystal guardian.
The crystal guardian completely resists.
The lightning rod overheats!
You are engulfed in freezing vapours.
You resist.
The crystal guardian fires a crystalline bolt at you.
The crystal bolt burns you!!!
You die...

.........##...##...#
........########...#
........############
...........#...## #####
................# #...#
................# #######...#
................####....##...##
..........≈≈≈≈≈≈°≈≈≈≈≈≈.#.....###
..........≈#####@#####≈.........#
..........≈# ##9## #≈.........#
..........≈# $$)9O.: #≈....#....#
....##...#≈#...[[...:#≈....#...##
.........#≈#...:.[...#≈....#.>.#.
......>..#≈#...|.....#≈....#.....
..........≈#..[88.[..#≈....#.....
..........≈#.........#≈..........
..........≈# #≈..........


You could see an orange crystal statue (ally target), 2 crystal guardians, a
two-headed ogre and a friendly orange crystal statue (summoned, drained).

Vanquished Creatures
  Kirke (D:13)
  Louise (D:14)
  Josephine (D:13)
  A fire dragon (D:14)
  A yaktaur captain (D:14)
  A great orb of eyes (D:14)
  8 hydras
  5 boulder beetles
  Erica (Lair:2)
  A death knight (D:13)
  An anaconda (shapeshifter) (D:14)
  5 centaur warriors
  6 two-headed ogres
  2 death yaks (Lair:4)
  2 tengu warriors (D:14)
  Sonja (D:12)
  4 skeletal warriors (D:11)
  A steelbarb worm (shapeshifter) (D:14)
  A wizard (D:14)
  A deep elf archer (D:14)
  A necromancer (Lair:3)
  17 ugly things
  7 oklob plants
  A manticore (D:14)
  A wolf spider (D:14)
  2 cyclopes (D:14)
  11 elephants
  3 black mambas
  A torpor snail (Lair:4)
  A gargoyle (D:12)
  Maggie (D:7)
  22 cane toads
  3 kobold demonologists
  3 rime drakes
  3 yaktaurs (D:14)
  A tengu conjurer (D:14)
  2 ice devils (D:13)
  An efreet (D:14)
  10 komodo dragons
  2 freezing wraiths
  A queen bee (Lair:5)
  4 meliai
  3 trolls
  24 blink frogs
  12 slime creatures
  4 tyrant leeches (Lair:6)
  14 dream sheep (Lair:6)
  A snapping turtle (Lair:4)
  55 yaks
  Sigmund (D:5)
  4 wyverns
  7 wraiths
  8 hogs
  3 humans
  6 basilisks
  25 vampire mosquitoes
  Menkaure (D:7)
  A swamp worm (shapeshifter) (D:14)
  20 water moccasins
  2 nagas (Lair:3)
  6 acid dragons
  3 orc warriors
  3 ice beasts
  2 necrophages
  2 ogres
  15 wolves
  10 centaurs
  A phantom (D:5)
  5 kobold brigands
  14 bullfrogs
  2 gnoll sergeants
  4 scorpions
  A wyvern skeleton (D:7)
  23 killer bees
  5 electric eels
  A howler monkey (D:7)
  3 wights (D:8)
  A howler monkey (shapeshifter) (D:14)
  A lava snake (D:9)
  3 centaur zombies
  A bullfrog zombie (D:5)
  A jelly (D:5)
  6 hounds
  2 orc priests (D:9)
  Terence (D:2)
  6 iguanas
  2 polar bear simulacra (Lair:3)
  4 orc wizards
  2 yak simulacra (Lair:3)
  A killer bee zombie (D:6)
  4 wolf simulacra (Lair:3)
  3 howler monkey zombies
  Robin (D:2)
  8 gnolls
  8 adders
  A white imp (D:5)
  An adder skeleton (D:5)
  2 worms (D:2)
  A dart slug (D:3)
  18 orcs
  8 endoplasms
  6 giant cockroaches
  18 goblins
  6 hobgoblins
  3 quokkas
  9 ball pythons
  5 bats
  5 frilled lizards
  A gnoll zombie (D:7)
  19 kobolds
  A rat (D:1)
  3 river rat simulacra (Lair:3)
  A fulminant prism (D:10)
597 creatures vanquished.

Vanquished Creatures (others)
  A centaur simulacrum (D:14)
  2 bushes (Lair:4)
  443 fulminant prisms
  54 fungi
  125 plants
625 creatures vanquished.

Grand Total: 1222 creatures vanquished

Notes
Turn   | Place    | Note
-------+----------+-------------------------------------------
     0 | D:1      | concernfroge the Deep Elf Conjurer began the quest for the
                  | Orb.
     0 | D:1      | Reached XP level 1. HP: 10/10 MP: 6/6
   193 | D:1      | Reached XP level 2. HP: 15/15 MP: 3/8
   196 | D:1      | Learned a level 2 spell: Searing Ray
  1086 | D:2      | Reached skill level 5 in Conjurations
  1086 | D:2      | Reached XP level 3. HP: 19/19 MP: 7/10
  1256 | D:2      | Noticed Robin
  1259 | D:2      | Noticed Terence
  1260 | D:2      | Found a faded altar of an unknown god.
  1265 | D:2      | Killed Terence
  1266 | D:2      | Reached XP level 4. HP: 13/24 MP: 1/12
  1270 | D:2      | Learned a level 3 spell: Dazzling Flash
  1275 | D:2      | Learned a level 4 spell: Fulminant Prism
  1388 | D:2      | Killed Robin
  1957 | D:3      | Reached skill level 1 in Hexes
  2014 | D:3      | Reached skill level 5 in Spellcasting
  2217 | D:3      | Reached XP level 5. HP: 25/28 MP: 2/14
  2222 | D:3      | Learned a level 4 spell: Iskenderun's Mystic Blast
  2906 | D:3      | Identified the +3 dagger "Anyucwiy" {drain, rC+ Dex+2}
  3113 | D:4      | Noticed an ogre
  3119 | D:4      | Killed an ogre
  3120 | D:4      | Reached skill level 1 in Translocations
  3160 | D:4      | Noticed a water moccasin
  3166 | D:4      | Killed a water moccasin
  3167 | D:4      | Reached XP level 6. HP: 23/32 MP: 1/16
  3640 | D:4      | Reached XP level 7. HP: 36/36 MP: 2/18
  4160 | D:5      | Entered Level 5 of the Dungeon
  4160 | D:5      | Noticed Sigmund
  4167 | D:5      | Killed Sigmund
  4277 | D:5      | Reached skill level 1 in Armour
  4362 | D:5      | Reached skill level 5 in Hexes
  4379 | D:5      | Reached XP level 8. HP: 41/41 MP: 1/20
  4677 | D:5      | Noticed a kobold demonologist
  4685 | D:5      | Killed a kobold demonologist
  4929 | D:5      | Noticed a kobold demonologist
  4941 | D:5      | Killed a kobold demonologist
  4942 | D:5      | Reached skill level 5 in Translocations
  5074 | D:5      | Found a transporter.
  5407 | D:5      | Found a transporter.
  5484 | D:6      | Reached XP level 9. HP: 45/45 MP: 12/23
  5938 | D:6      | You fall into a shaft and drop 3 floors!
  6023 | D:8      | Noticed a two-headed ogre
  6035 | D:8      | Killed a two-headed ogre
  6320 | D:8      | Noticed a two-headed ogre
  6339 | D:8      | Killed a two-headed ogre
  6915 | D:8      | Reached XP level 10. HP: 25/50 MP: 6/25
  7865 | D:7      | HP: 2/50 [centaur/arrow (10)]
  8286 | D:7      | Noticed Maggie
  8295 | D:7      | Killed Maggie
  8448 | D:7      | Noticed Menkaure
  8451 | D:7      | Killed Menkaure
  8452 | D:7      | Reached skill level 10 in Spellcasting
  8987 | D:6      | Found a staircase to the Ecumenical Temple.
  9009 | Temple   | Entered the Ecumenical Temple
  9606 | D:6      | Reached skill level 1 in Evocations
 10003 | D:5      | Reached skill level 3 in Dodging
 10006 | D:5      | Reached skill level 1 in Fighting
 10182 | D:9      | Reached skill level 5 in Armour
 10318 | D:9      | Reached skill level 4 in Dodging
 10707 | D:9      | Noticed a two-headed ogre
 10714 | D:9      | Killed a two-headed ogre
 10715 | D:9      | Reached skill level 5 in Dodging
 10721 | D:9      | Noticed a centaur warrior
 10727 | D:9      | Killed a centaur warrior
 10984 | D:9      | Reached XP level 11. HP: 60/60 MP: 19/27
 11156 | D:9      | Found an opulent altar of Gozag.
 11156 | D:9      | Found a faded altar of an unknown god.
 11164 | D:9      | Found a shimmering blue altar of Sif Muna.
 11166 | D:9      | Found a faded altar of an unknown god.
 11168 | D:9      | Found a bloodstained altar of Trog.
 11172 | D:9      | Became a worshipper of Sif Muna the Loreminder
 11237 | D:10     | Entered Level 10 of the Dungeon
 11522 | D:10     | Found an ancient bone altar of Kikubaaqudgha.
 11522 | D:10     | Found a radiant altar of Vehumet.
 11763 | D:10     | Found a stormy altar of Qazlal.
 11877 | D:10     | Found a staircase to the Orcish Mines.
 11887 | D:10     | Reached skill level 6 in Dodging
 11902 | D:10     | Reached skill level 1 in Invocations
 11902 | D:10     | Reached skill level 5 in Evocations
 12594 | D:11     | Reached * piety under Sif Muna
 12620 | D:11     | Noticed a cyan ugly thing
 12630 | D:11     | Noticed a cyan ugly thing
 12635 | D:11     | Killed a red ugly thing
 12637 | D:11     | Killed a cyan ugly thing
 12986 | D:11     | Found a staircase to the Lair.
 13047 | D:11     | Noticed a skeletal warrior
 13062 | D:11     | Noticed a skeletal warrior
 13070 | D:11     | Noticed a skeletal warrior
 13072 | D:11     | Killed a skeletal warrior
 13079 | D:11     | Killed a skeletal warrior
 13079 | D:11     | Noticed a skeletal warrior
 13080 | D:11     | Reached skill level 7 in Dodging
 13098 | D:11     | Killed a skeletal warrior
 13104 | D:11     | Killed a skeletal warrior
 13269 | D:11     | Noticed a two-headed ogre
 13272 | D:11     | Killed a two-headed ogre
 13623 | D:11     | Reached XP level 12. HP: 42/68 MP: 8/28
 13833 | D:11     | Reached skill level 5 in Fighting
 14138 | Lair:1   | Entered Level 1 of the Lair of Beasts
 14284 | D:11     | Reached skill level 8 in Dodging
 14433 | D:11     | Found an iron altar of Okawaru.
 14611 | Lair:1   | Reached skill level 5 in Invocations
 14923 | Lair:1   | Noticed an eight-headed hydra
 14932 | Lair:1   | Killed an eight-headed hydra
 15796 | Lair:2   | Noticed a four-headed hydra
 15801 | Lair:2   | Killed a four-headed hydra
 15802 | Lair:2   | Reached skill level 9 in Dodging
 15869 | Lair:2   | Noticed Erica
 15876 | Lair:2   | Killed Erica
 15897 | Lair:2   | Noticed a five-headed hydra
 15907 | Lair:2   | Killed a five-headed hydra
 16345 | Lair:2   | Reached XP level 13. HP: 75/75 MP: 16/29
 16699 | Lair:2   | Identified the +5 ring mail "Wocwela" {Rampage Will- Regen+
                  | Str+5}
 16705 | Lair:2   | Got the Papyrus of Ignition and Lightness
 17157 | Lair:3   | Reached ** piety under Sif Muna
 17158 | Lair:3   | Reached skill level 10 in Dodging
 17963 | Lair:3   | Found a staircase to the Snake Pit.
 18516 | Lair:4   | Identified the ring of Zoyffih {+Blink Str+4 Int+4 Slay+4}
 18671 | Lair:4   | Found a staircase to the Shoals.
 18980 | Lair:4   | Reached skill level 1 in Shields
 19458 | Lair:4   | Reached *** piety under Sif Muna
 20048 | Lair:4   | Reached skill level 11 in Dodging
 20542 | Lair:5   | Reached skill level 10 in Evocations
 20795 | Lair:5   | Found a staircase to the Slime Pits.
 20949 | Lair:5   | Reached XP level 14. HP: 73/83 MP: 0/30
 21497 | Lair:6   | Entered Level 6 of the Lair of Beasts
 21716 | Lair:6   | Reached skill level 12 in Dodging
 22328 | Lair:6   | Reached skill level 10 in Invocations
 22754 | Lair:6   | Reached skill level 5 in Shields
 22883 | Lair:6   | Reached **** piety under Sif Muna
 24487 | D:12     | Noticed Sonja
 24711 | D:12     | Killed Sonja
 24892 | D:12     | Found a runed translucent door.
 25312 | D:13     | Noticed Josephine
 25320 | D:13     | Killed Josephine
 26062 | D:13     | Noticed Kirke
 26076 | D:13     | Noticed a sphinx
 26089 | D:13     | Noticed a sphinx
 26453 | D:13     | Killed Kirke
 26997 | D:14     | Reached skill level 10 in Fighting
 27006 | D:14     | Reached XP level 15. HP: 87/92 MP: 1/31
 27773 | D:14     | Noticed Louise
 27781 | D:14     | Killed Louise
 27875 | D:14     | Found a gate to the Vaults.
 28460 | D:14     | Reached skill level 10 in Conjurations
 28946 | D:14     | Gained mutation: You passively map a small area around you.
                  | [potion of mutation]
 28946 | D:14     | Gained mutation: You have a pair of small horns on your
                  | head. [potion of mutation]
 28946 | D:14     | Gained mutation: Your natural rate of healing is unusually
                  | fast. [potion of mutation]
 28947 | D:14     | Lost mutation: You have a pair of small horns on your head.
                  | [potion of mutation]
 28947 | D:14     | Lost mutation: You passively map a small area around you.
                  | [potion of mutation]
 28947 | D:14     | Lost mutation: Your natural rate of healing is unusually
                  | fast. [potion of mutation]
 28947 | D:14     | Gained mutation: You sometimes lose the ability to read
                  | scrolls when taking damage. [potion of mutation]
 28947 | D:14     | Gained mutation: You expend magic power (3 MP) to
                  | strengthen your wands. [potion of mutation]
 28948 | D:14     | Lost mutation: You expend magic power (3 MP) to strengthen
                  | your wands. [potion of mutation]
 28948 | D:14     | Lost mutation: You sometimes lose the ability to read
                  | scrolls when taking damage. [potion of mutation]
 28948 | D:14     | Gained mutation: Your spells are a little easier to cast,
                  | but a little less powerful. [potion of mutation]
 28948 | D:14     | Gained mutation: You expend magic power (3 MP) to
                  | strengthen your wands. [potion of mutation]
 28948 | D:14     | Gained mutation: You are partially covered in large bone
                  | plates. (SH +4) [potion of mutation]
 29213 | D:3      | Lost mutation: You expend magic power (3 MP) to strengthen
                  | your wands. [potion of mutation]
 29213 | D:3      | Lost mutation: You are partially covered in large bone
                  | plates. (SH +4) [potion of mutation]
 29213 | D:3      | Lost mutation: Your spells are a little easier to cast, but
                  | a little less powerful. [potion of mutation]
 29213 | D:3      | Gained mutation: Your body sometimes deteriorates upon
                  | taking damage. [potion of mutation]
 29213 | D:3      | Gained mutation: Your flesh is cold resistant. (rC+)
                  | [potion of mutation]
 29214 | D:3      | Lost mutation: Your flesh is cold resistant. (rC+) [potion
                  | of mutation]
 29214 | D:3      | Lost mutation: Your body sometimes deteriorates upon taking
                  | damage. [potion of mutation]
 29214 | D:3      | Gained mutation: Your muscles are strong. (Str +2) [potion
                  | of mutation]
 29214 | D:3      | Gained mutation: You tend to lose your temper in combat.
                  | [potion of mutation]
 29215 | D:3      | Lost mutation: You tend to lose your temper in combat.
                  | [potion of mutation]
 29215 | D:3      | Lost mutation: Your muscles are strong. (Str +2) [potion of
                  | mutation]
 29215 | D:3      | Gained mutation: You have large cloven feet. [potion of
                  | mutation]
 29215 | D:3      | Gained mutation: You are somewhat resistant to further
                  | mutation. [potion of mutation]
 29451 | D:12     | Killed from afar by a crystal guardian

Illustrated notes

Levels and vault maps discovered:
D:1:      lightli_arrival_lavapool, layout_loops_ring
D:2:      layout_basic, hellmonk_ecumenical_altar_blasted, grunt_ministairs_15,
          uniq_robin, uniq_terence
D:3:      layout_basic, amcnicky_mini_rare_corridor_liquid
D:4:      minmay_polygon_palace, layout_cave_pods, st_stairs_1
D:5:      gammafunk_cloud_chamber, layout_basic, uniq_sigmund
D:6:      nicolae_whirlpool, layout_cave_pods, minmay_temple_entry_offerings
D:7:      layout_loops_cross, enter_ossuary_3, minmay_misc_feat_five,
          centaur_isle, uniq_maggie, uniq_menkaure
D:8:      layout_loops_ring
D:9:      layout_rooms, chequers_temple_overflow_minitemple,
          kennysheep_generic_room_16
D:10:     layout_roguey, nicolae_qazlal_general_emergency,
          gammafunk_temple_overflow_statue, orc_0_dummy, enter_bailey_7,
          grunt_livestock
D:11:     layout_loops_ring, erik_lair_island, nicolae_sextant,
          okawaru_metal_pillars_1_2
D:12:     layout_cross, minmay_crystal_box, uniq_sonja
D:13:     layout_roguey, portal_ice_cave_demonic_guard, uniq_josephine,
          uniq_kirke
D:14:     evilmike_diamond_2, layout_basic, david_vaults_2, uniq_louise
Temple:   eino_temple_rhombus
Lair:1:   layout_long_grid, hangedman_lair_generics_rect,
          infiniplex_staircase_pool_2, grunt_megastairs_2
Lair:2:   layout_hall_layers, uniq_erica
Lair:3:   minmay_lair_oklob_chamber, layout_small_grid,
          guppyfry_snake_entry_island, minivault_25, eino_house_with_fridge
Lair:4:   minmay_lair_oklob_tunnel, layout_gridlike, minmay_shoals_entry_hut,
          minmay_hedge_maze
Lair:5:   layout_roguey, slime_dummy, special_room [special_room_bee],
          wad_woods_road_05, grunt_megastairs_4
Lair:6:   minmay_lair_end_frog_pond, layout_regular_city,
          grunt_forest_small_clearings

Skill      XL: |  1  2  3  4  5  6  7  8  9 10 11 12 13 14 15 |
---------------+----------------------------------------------+-----
Spellcasting   | 4 5 6 7 8 9 10 11 | 11.0
Conjurations   | 5 6 7 8 9 10 | 10.0
Hexes          | 1 3 5 6 8 9 |  9.9
Translocations | 2 3 5 6 7 8 |  8.1
Armour         | 1 3 4 5 6 8 |  8.0
Evocations     | 4 6 8 10 | 10.0
Dodging        | 5 7 9 11 12 | 12.0
Fighting       | 3 4 6 7 10 | 10.0
Invocations    | 4 6 8 10 | 10.0
Shields        | 3 7 8 |  8.5
Stealth        | |  2.4

Action                   |  1- 3 |  4- 6 |  7- 9 | 10-12 | 13-15 || total
-------------------------+-------+-------+-------+-------+-------++-------
Melee: Dagger            |       |     3 |       |       |       ||     3
Throw: Throwing net      |       |       |     1 |     4 |       ||     5
 Cast: Magic Dart        |    42 |    60 |    51 |    45 |    85 ||   283
       Searing Ray       |     7 |     9 |    24 |    49 |    58 ||   147
       Fulminant Prism   |       |     9 |    45 |   129 |   262 ||   445
       Iskenderun's Myst |       |     2 |     8 |    73 |   217 ||   300
Invok: Channel Magic     |       |       |       |     8 |    36 ||    44
Evoke: Wand              |       |       |    17 |     8 |     6 ||    31
       Lightning rod     |       |       |       |       |    10 ||    10
       Condenser vane    |       |       |       |       |     3 ||     3
       Phantom mirror    |       |       |       |       |     1 ||     1
  Use: Scroll            |     1 |     6 |     3 |     9 |     8 ||    27
       Potion            |       |     1 |     1 |     8 |     9 ||    19
Armor: Robe              |     2 |     2 |       |       |       ||     4
       Leather armour    |       |       |     4 |     5 |       ||     9
       Troll leather arm |       |       |       |     3 |       ||     3
       Acid dragon scale |       |       |       |     2 |    26 ||    28
Dodge: Dodged            |     3 |    15 |    18 |    51 |    90 ||   177
Block: Other             |       |       |       |     5 |     1 ||     6
       Reflection        |       |       |       |     1 |    24 ||    25
       Buckler           |       |       |       |       |    59 ||    59
       Tower shield      |       |       |       |       |    18 ||    18
